AoeStats
← tobinho_125

Pilgrims

509166539Analyzed
4v4 RM · 6d ago on Sep 25, 2026· 15m 9s· 8 players
Game mode
Random Map
Map size
Large (8 player)
Population
200
Speed
Normal
Resources
Standard
Victory
Conquest
Starting age
Dark Age
Ending age
Imperial Age
RankedLock teamsTeams togetherTeam positionsShared explorationLock speedFull tech treeHidden civsTurbo modeCheats
Victory
Defeat
🇺🇸 Bengalis · United States
1022
+14
🇩🇪 Romans · Germany
964
+17
🇵🇪 Spanish · Peru
961
+17
🇺🇸 Shu · United States
910
+19
🇪🇸 Byzantines · Spain
1062
-20
🇺🇸 Danes · United States
981
-17
🇨🇱 Varangians · Chile
962
-16
🇺🇸 Khmer · United States
922
-14
Rainbow Randy
16:03 Feudal Age
SexyRedd
12:04 Feudal Age
13:23 Double-Bit Axe
tobinho_125
7:26 Loom
13:34 Feudal Age
14:43 Town Watch
15:34 Wheelbarrow
DesTajador
6:04 Loom
13:14 Feudal Age
13:53 Fishing Lines
Dirty F150
3:59 Loom
12:29 Feudal Age
13:40 Double-Bit Axe
14:20 Horse Collar
jONY mELAVO
3:55 Loom
11:43 Feudal Age
CL.CKrugger
4:38 Loom
11:17 Feudal Age
13:02 Double-Bit Axe
marwenskio
7:34 Loom
14:49 Feudal Age
Connection lost

Rejoining the realm…

Still unreachable

The connection could not be restored.

Session expired

The server has moved on; the page needs a fresh start.